Match 45948934
Unlisted

Match 45948934
End
Pioneer Squad
Construct Infanterie Kompanie
Grenadier Squad
Grenadier Squad
MG 42 Machine Gun Team
Construct Panzergrenadier Kompanie
Panzergrenadier Squad
Support Elements
Medical Bunker
Nebelwerfer 42 Rocket Launcher Team
Pak 40 Anti-tank Gun Team
Construct Panzer Kompanie
Stoßtruppen Squad
Panzer IV Medium Tank
Panzer IV Medium Tank
Side Skirts
aka p.r.a.s.a.
Ermac
hellofr13nd
띠우닝
0
0

Comments sign in to comment!

No comments posted yet!